 Dungeon Crawl Stone Soup version 0.31.0-11-ge490571c62 (webtiles) character file.

Game seed: 1320388458237661588

1241 hawla the Scratcher (level 8, -4/37 HPs)
             Began as a Felid Shapeshifter on Jan 27, 2024.
             Slain by a slime creature (15 damage)
             ... on level 5 of the Dungeon.
             The game lasted 00:08:22 (5127 turns).

hawla the Scratcher (Felid Shapeshifter)            Turns: 5127, Time: 00:08:22

Health: -4/37      AC:  2    Str: 12    XL:     8   Next: 25%
Magic:  9/9        EV: 21    Int: 14    God:
Gold:   215        SH:  0    Dex: 16    Spells: 7/7 levels left
                                        Lives:  0   Deaths: 3

rFire   . .          .
                       - Unarmed
rCold   . . .        (shield unavailable)
rNeg    + . .        (body armour unavailable)
rPois   .            (helmet unavailable)
rElec   .            (cloak unavailable)
rCorr   +            (gloves unavailable)
SInv    +            (boots unavailable)
Will    +....        p - amulet of the acrobat Stlth
                     u - ring of positive energy
HPRegen 0.26/turn    n - ring of resist corrosion
MPRegen 0.11/turn

%: acrobat
@: flux-form, silenced, glowing
A: glow, contaminating, very small, claws 1, fangs 3, see invisible, shaggy fur
2, stealthy paws, no weapons or thrown items, no armour, multi-lived, antennae
1, MP-powered wands
a: Begin Untransformation


You were on level 5 of the Dungeon.
You were something dangerously unstable.
You visited 1 branch of the dungeon, and saw 6 of its levels.

You collected 215 gold pieces.

Inventory:

Jewellery
 a - a ring of magical power
 n - a ring of resist corrosion (right paw)
 p - an amulet of the acrobat (around neck)
 u - a ring of positive energy (left paw)
Talismans
 b - a beast talisman
 c - a flux talisman (active)
 g - a blade talisman
Wands
 o - a wand of roots (10)
 s - a wand of polymorph (7)
 v - a wand of mindburst (4)
Scrolls
 i - a scroll of revelation {unknown}
 k - a scroll of torment {unknown}
 m - a scroll of immolation
 q - a scroll of identify
 r - a scroll of vulnerability {unknown}
Potions
 d - 2 potions of brilliance
 e - 2 potions of attraction
 f - a potion of mutation
 j - a potion of curing
 l - a potion of lignification
 x - a potion of magic {unknown}


   Skills:
 - Level 1.0 Fighting
 + Level 3.1 Dodging
 - Level 7.0 Unarmed Combat
 - Level 7.0 Shapeshifting


You had 7 spell levels left.
You didn't know any spells.
Your spell library was empty.

Dungeon Overview and Level Annotations

Branches:
Dungeon (6/15)
 Temple: D:4-7

Altars:
Ashenzari
Cheibriados
Fedhas
Makhleb
Nemelex Xobeh
Okawaru
Ru
Zin

Shops:
D:2 =


Innate Abilities, Weirdness & Mutations

You are something dangerously unstable.
You glow with magical radiation, making you easy to see and hit.
Foes you strike become dangerously contaminated with magical radiation.
You have sharp claws.
You have razor-sharp teeth.
You have supernaturally acute eyesight. (SInv)
You are covered in thick fur. (AC +2)
Your paws help you pounce on unaware monsters.
You are incapable of wielding weapons or throwing items.
You cannot wear armour.
You gain extra lives every three experience levels.
You have a pair of small antennae on your head.
You expend magic power (3 MP) to strengthen your wands.


Message History

HP restored.
An endoplasm is nearby!
An endoplasm is nearby!
The endoplasm quivers.
You scratch the endoplasm.
The endoplasm begins to glow.
The endoplasm is severely wounded.
The endoplasm closely misses you.
You scratch the endoplasm.
You kill the endoplasm!
No target in view!
There is an open door here.
You sense a monster nearby.
Things that are here:
3 stones; a +0 short sword You sense a monster nearby.
The slime creature quivers.
The jelly quivers.
The endoplasm quivers.
There is an open door here.
There are monsters nearby!
The slime creature closely misses you.
You scratch the slime creature.
The slime creature begins to glow.
The slime creature is lightly wounded.
The slime creature hits you! The endoplasm freezes you.
You are frozen.
The air fills with toxic fumes!
As you read the scroll of poison, it crumbles to dust.
The endoplasm freezes you.
You are frozen.
The slime creature hits you.
As you read the scroll labelled NOG JABRORIZ, it crumbles to dust.
A profound silence engulfs you.
It was a scroll of silence.
The endoplasm freezes you.
You are frozen.
* * * LOW HITPOINT WARNING * * *
The slime creature completely misses you.
You scratch the slime creature.
The slime creature glows dangerously bright.
You bite the slime creature, but do no damage.
The slime creature is lightly wounded.
The endoplasm misses you. The slime creature hits you!
You die...

.#.#.#.#.#.#.#.#.#.#.#.#.#.######
#.#.#.#.#.#.>.#.#.#.#.#.#.###....
.#.#.#.#.#.#.#.#.#.#.#.#.#.##.###
#.#.#.#.#.#.#.#.#.#.#.#.#.###.#
.........################## #.#
######.########### #.### #.#
#§§§§§§########## #...) #.#
#§§§§§§§##...[..####.## #.#
#§§§§§p#.#.......##..# #.#
#§§§§JJ#.#..?........# #.#
#§§§.§J#.#...........# #.#
#§§§§§§#.#'#........## #.#
#§§§§§§#(#.#.....##.# ######.#
#§§P§§§#.#.#....##### .......#
#§§§§§§##.####### ########
###########


You could see a slime creature (heavy contam), a jelly and an endoplasm
(unsilenced).

Vanquished Creatures
  Grinder (D:5)
  A slime creature (D:5)
  Blork the orc (D:5)
  3 kobold brigands (D:5)
  2 jellies (D:5)
  7 hounds
  3 orc priests
  2 iguanas
  Ijyb (D:3)
  2 orc wizards (D:6)
  4 adders
  2 white imps
  A ribbon worm (D:2)
  10 orcs
  2 ball pythons
  8 endoplasms
  6 giant cockroaches
  2 goblins
  4 hobgoblins
  4 quokkas
  5 bats
  5 frilled lizards
  6 kobolds
  3 rats
85 creatures vanquished.

Notes
Turn   | Place    | Note
-------+----------+-------------------------------------------
     0 | D:1      | hawla the Felid Shapeshifter began the quest for the Orb.
     0 | D:1      | Reached XP level 1. HP: 10/10 MP: 2/2
   406 | D:1      | Reached XP level 2. HP: 5/14 MP: 3/3
   896 | D:2      | Reached XP level 3. HP: 14/18 MP: 4/4
  1162 | D:2      | Found Rousop's Jewellery Shoppe.
  1823 | D:3      | You fall into a shaft and drop 2 floors!
  1823 | D:5      | Entered Level 5 of the Dungeon
  1859 | D:5      | Reached skill level 5 in Unarmed Combat
  1859 | D:5      | Reached XP level 4. HP: 15/22 MP: 5/5
  1859 | D:5      | Gained a life (2 lives remaining)
  1938 | D:5      | Noticed Blork the orc
  1955 | D:5      | HP: 1/22 [Blork the orc/magic dart (8)]
  1958 | D:5      | Slain by Blork the orc
  1958 | D:5      | Lost a life (1 life remaining)
  1989 | D:5      | Killed Blork the orc
  1990 | D:5      | Reached XP level 5. HP: 13/25 MP: 6/6
  2316 | D:3      | HP: 1/25 [orc/+0 hand axe (1)]
  2317 | D:3      | Slain by an orc
  2317 | D:3      | Lost a life (0 lives remaining)
  2777 | D:3      | Found an iron altar of Okawaru.
  2778 | D:3      | Noticed Ijyb
  2788 | D:3      | Killed Ijyb
  2852 | D:3      | Found a snail-covered altar of Cheibriados.
  2985 | D:4      | Found a blossoming altar of Fedhas.
  3234 | D:4      | Gained mutation: You are covered in thick fur. (AC +2)
                  | [Felid growth]
  3234 | D:4      | Reached XP level 6. HP: 19/30 MP: 7/7
  3386 | D:4      | Found a broken altar of Ashenzari.
  3905 | D:5      | Noticed Grinder
  3912 | D:5      | Paralysed by Grinder for 5 turns
  3920 | D:5      | HP: 1/30 [Grinder (1)]
  3921 | D:5      | Killed Grinder
  3922 | D:5      | Reached XP level 7. HP: 1/33 MP: 8/8
  3922 | D:5      | Gained a life (1 life remaining)
  4113 | D:5      | Gained mutation: You expend magic power (3 MP) to
                  | strengthen your wands. [potion of mutation]
  4113 | D:5      | Gained mutation: You have a pair of small antennae on your
                  | head. [potion of mutation]
  4122 | D:5      | Reached skill level 5 in Shapeshifting
  4213 | D:5      | Found a sparkling altar of Nemelex Xobeh.
  4213 | D:5      | Found a glowing silver altar of Zin.
  4213 | D:5      | Found a broken altar of Ashenzari.
  4213 | D:5      | Found a burning altar of Makhleb.
  4213 | D:5      | Found a sacrificial altar of Ru.
  4213 | D:5      | Found a snail-covered altar of Cheibriados.
  4213 | D:5      | Noticed a slime creature
  4213 | D:5      | Noticed a slime creature
  4476 | D:6      | HP: 1/33 [black bear (5)]
  4476 | D:6      | Slain by a black bear
  4476 | D:6      | Lost a life (0 lives remaining)
  4713 | D:5      | Reached XP level 8. HP: 37/37 MP: 9/9
  4909 | D:5      | HP: 2/55 [frozen (3)]
  4917 | D:5      | Killed a slime creature
  5127 | D:5      | Slain by a slime creature

Illustrated notes

Levels and vault maps discovered:
D:1:      wander_arrival_peaceful_grave, layout_loops_corners
D:2:      layout_basic, serial_shops, shop, grunt_ministairs_2,
          kennysheep_crisscross
D:3:      layout_basic, minitemple, chequers_serial_rivers_marsh,
          nicolae_figureground_pulse, uniq_ijyb
D:4:      layout_cave_pods, fedhas_altar_2, mainiacjoe_overflow_catwalk
D:5:      cheibrodos_fertilizer, layout_basic, uniq_grinder, uniq_blork_the_orc
D:6:      layout_basic, mainiacjoe_overflow_six_doors_small,
          mainiacjoe_overflow_24_doors, uniq_pikel

Skill      XL: |  1  2  3  4  5  6  7  8 |
---------------+-------------------------+-----
Unarmed Combat | 4 5 6 7 |  7.0
Shapeshifting  | 4 6 7 |  7.0
Dodging        | 3 |  3.1
Fighting       | |  1.0

Action                     |  1- 3 |  4- 6 |  7- 9 || total
---------------------------+-------+-------+-------++-------
  Melee: Unarmed           |    97 |    80 |   107 ||   284
         Bite              |     3 |    14 |    13 ||    30
         Punch             |     1 |     2 |     4 ||     7
    Use: Scroll            |     7 |     2 |     2 ||    11
         Potion            |       |     1 |     5 ||     6
   Stab: Sleeping          |     2 |       |       ||     2
 Armour: Skin              |    20 |    38 |    58 ||   116
  Dodge: Dodged            |    79 |    53 |    89 ||   221
   Form: Flux              |       |       |     1 ||     1
